Map: Lerilak Crest

Players

Soundwave

  • Race: Zerg Zerg
  • League: Gold

A.I. 1 (Very Hard) - Winner!

  • Race: Protoss Protoss

VOD

Have the link to the VOD?

Description

Time

  • Played on: Nov. 18, 2015, 4:29 a.m.
  • Length: 14:52
Show
View Real Time Build Order
Export as new Build Order

Soundwave Zerg 

Build Orders: Hatch First 

Get SALT Encoding   

  12  0:02  Drone  
  13  0:12  Drone  
  14  0:19  Extractor  
  14  0:20  Extractor  
  12  0:21  Drone x2  
  16  0:51  Hatchery  
  15  1:01  Spawning Pool  
  14  1:07  Overlord  
  14  1:23  Extractor  
  14  1:24  Drone  
  14  1:27  Drone x2  
  16  1:41  Drone  
  16  1:42  Extractor  
  17  1:47  Drone  
  17  1:50  Queen  
  19  2:02  Queen  
  19  2:04  Drone x2  
  23  2:08  Drone  
  24  2:18  Metabolic Boost  
  24  2:20  Drone  
  24  2:22  Drone  
  26  2:29  Overlord  
  26  2:34  Drone  
  27  2:45  Overlord  
  27  2:46  Overlord  
  27  2:55  Drone x2  
  29  3:03  Lair  
  29  3:15  Drone x4  
  29  3:17  Drone  
  34  3:29  Drone  
  34  3:30  Drone x3  
  34  3:32  Drone  
  39  3:55  Queen  
  41  4:03  Spire  
  40  4:11  Drone x2, Extractor  
  40  4:12  Drone, Extractor  
  40  4:14  Drone x3  
  40  4:16  Drone x2  
  46  4:21  Drone x3  
  49  4:24  Drone x2  
  49  4:27  Overlord x2  
  49  4:30  Overseer  
  51  4:40  Overlord x2  
  51  4:45  Queen  
  53  4:48  Spine Crawler  
  53  4:52  Spine Crawler  
  51  5:15  Overlord  
  51  5:17  Mutalisk x3  
  51  5:18  Mutalisk x5  
  67  5:33  Mutalisk x2  
  71  5:53  Mutalisk x2  
  75  6:16  Mutalisk x2  
  75  6:18  Mutalisk  
  79  6:25  Hatchery  
  80  6:27  Zerg Flyer Weapons Level 1  
  80  6:29  Overlord x5  
  80  6:45  Infestation Pit, Zergling x10  
  80  6:46  Zergling x6  
  87  6:53  Extractor  
  86  6:57  Extractor  
  85  7:07  Mutalisk x3  
  91  7:18  Drone  
  91  7:19  Drone x2  
  91  7:20  Drone  
  91  7:21  Drone x2, Overlord  
  97  7:25  Mutalisk  
  97  7:28  Mutalisk  
  101  7:48  Mutalisk x2  
  101  7:49  Mutalisk  
  105  8:09  Mutalisk  
  105  8:10  Mutalisk x2  
  111  8:24  Drone x3  
  111  8:25  Drone x5  
  119  8:33  Zergling x4  
  121  8:52  Hatchery  
  121  8:54  Drone  
  121  8:55  Drone x5  
  126  9:00  Zerg Flyer Weapons Level 2  
  126  9:03  Evolution Chamber  
  126  9:04  Evolution Chamber  
  126  9:06  Mutalisk x5  
  126  9:07  Mutalisk x2  
  137  9:12  Overlord x2  
  137  9:25  Overseer  
  137  9:47  Mutalisk  
  137  9:48  Mutalisk x3, Corruptor  
  137  9:49  Corruptor x2  
  151  9:59  Zergling x4  
  153  10:01  Overlord x3  
  153  10:02  Overlord x5  
  151  10:29  Mutalisk x2  
  151  10:30  Mutalisk x4  
  161  10:39  Queen  
  161  10:40  Mutalisk x2  
  159  11:16  Mutalisk x5  
  159  11:17  Mutalisk  
  171  11:22  Overlord x3  
  171  11:26  Overseer  
  171  11:51  Mutalisk  
  171  11:52  Mutalisk x4  
  175  12:12  Zergling x8  
  175  12:13  Zergling x12  
  185  12:17  Zerg Missile Weapons Level 1, Zerg Melee Weapons Level 1  
  185  12:21  Hive  
  185  12:47  Mutalisk x6  
  185  12:51  Extractor  
  196  12:54  Extractor  
  191  13:35  Mutalisk  
  191  13:36  Mutalisk x3  
Show
View Real Time Build Order
Export as new Build Order

A.I. 1 (Very Hard) Protoss - Winner!

Build Orders: 1 Gate Expand, Zealot Archon 

Get SALT Encoding   

  12  0:01  Probe (Chrono Boost)  
  13  0:11  Probe (Chrono Boost)  
  14  0:19  Pylon  
  14  0:22  Probe (Chrono Boost)  
  15  0:38  Probe (Chrono Boost)  
  16  0:48  Probe (Chrono Boost)  
  17  0:50  Gateway  
  17  0:59  Probe (Chrono Boost)  
  18  1:06  Assimilator  
  18  1:08  Pylon  
  18  1:09  Probe (Chrono Boost)  
  19  1:20  Probe (Chrono Boost)  
  20  1:30  Nexus  
  20  1:42  Cybernetics Core  
  20  1:45  Probe (Chrono Boost)  
  21  1:49  Zealot  
  23  2:04  Gateway  
  23  2:06  Probe (Chrono Boost)  
  24  2:16  Pylon  
  24  2:17  Probe (Chrono Boost)  
  24  2:20  Zealot, Warp Gate  
  27  2:29  Probe (Chrono Boost)  
  28  2:37  Assimilator  
  28  2:40  Probe (Chrono Boost)  
  28  2:43  Probe (Chrono Boost)  
  30  2:46  Adept  
  32  2:52  Adept  
  35  2:59  Probe (Chrono Boost)  
  35  3:05  Pylon  
  35  3:07  Probe (Chrono Boost)  
  35  3:11  Adept  
  36  3:18  Sentry  
  40  3:30  Probe (Chrono Boost)  
  41  3:35  Stalker  
  41  3:38  Gateway  
  41  3:40  Probe (Chrono Boost)  
  44  3:43  Stalker  
  47  3:49  Probe (Chrono Boost)  
  47  3:57  Probe (Chrono Boost)  
  47  4:00  Probe (Chrono Boost)  
  49  4:04  Stalker  
  49  4:09  Probe (Chrono Boost)  
  52  4:11  Stalker  
  52  4:12  Probe (Chrono Boost)  
  55  4:20  Probe (Chrono Boost)  
  55  4:23  Probe (Chrono Boost)  
  58  4:31  Probe (Chrono Boost)  
  58  4:32  Stalker  
  58  4:33  Pylon  
  58  4:34  Probe (Chrono Boost)  
  61  4:41  Pylon  
  61  4:51  Stalker x2  
  61  4:52  Probe x2 (Chrono Boost)  
  67  4:57  Stalker  
  69  5:04  Probe x2 (Chrono Boost)  
  71  5:08  Pylon  
  71  5:10  Pylon  
  71  5:13  Stalker x2  
  75  5:15  Probe (Chrono Boost)  
  75  5:16  Probe (Chrono Boost)  
  77  5:25  Stalker  
  77  5:27  Probe x2 (Chrono Boost)  
  81  5:31  Pylon  
  81  5:34  Stalker  
  83  5:36  Stalker  
  83  5:38  Probe x2 (Chrono Boost)  
  87  5:44  Assimilator  
  87  5:47  Stalker, Twilight Council  
  87  5:49  Probe (Chrono Boost)  
  91  5:50  Probe (Chrono Boost)  
  91  5:56  Sentry  
  93  5:57  Pylon  
  93  5:58  Stalker  
  93  5:59  Assimilator  
  95  6:08  Zealot  
  97  6:17  Gateway  
  97  6:21  Probe (Chrono Boost), Pylon  
  98  6:27  Templar Archives  
  98  6:41  Pylon  
  98  6:44  Zealot  
  100  7:00  Forge  
  100  7:05  Robotics Facility  
  100  7:06  High Templar x2  
  104  7:09  Nexus  
  104  7:17  High Templar, Archon  
  104  7:20  Pylon  
  106  7:30  High Templar  
  108  7:40  Photon Cannon  
  108  7:41  Photon Cannon  
  108  7:45  Photon Cannon  
  108  7:49  Warp Prism  
  108  7:51  Templar Archives  
  108  7:54  Archon  
  108  7:56  Photon Cannon  
  108  7:58  Forge  
  109  8:04  Probe (Chrono Boost)  
  109  8:05  Probe (Chrono Boost)  
  101  8:12  Gateway  
  101  8:15  Probe (Chrono Boost)  
  101  8:16  Probe (Chrono Boost)  
  103  8:21  Probe (Chrono Boost)  
  103  8:24  Observer  
  103  8:26  Probe (Chrono Boost)  
  107  8:27  Probe (Chrono Boost)  
  107  8:30  High Templar x2  
  107  8:31  Stalker, Assimilator  
  107  8:32  Pylon  
  107  8:33  Probe (Chrono Boost)  
  114  8:35  Stalker, Assimilator  
  114  8:37  Probe (Chrono Boost)  
  114  8:39  Probe (Chrono Boost)  
  118  8:43  Warp Prism  
  118  8:44  Probe (Chrono Boost), Archon  
  122  8:49  Probe (Chrono Boost)  
  122  8:51  Probe (Chrono Boost)  
  122  8:53  Stalker, Photon Cannon  
  126  8:55  Probe (Chrono Boost)  
  126  8:57  High Templar  
  126  9:00  Probe (Chrono Boost)  
  126  9:01  Pylon  
  126  9:02  Probe (Chrono Boost)  
  130  9:05  High Templar  
  130  9:07  Probe (Chrono Boost)  
  130  9:08  Stalker  
  135  9:11  Probe (Chrono Boost)  
  135  9:14  Probe (Chrono Boost)  
  135  9:15  Archon  
  137  9:18  Probe (Chrono Boost), High Templar  
  137  9:22  Photon Cannon  
  137  9:23  Probe (Chrono Boost)  
  141  9:24  Photon Cannon  
  141  9:26  Probe (Chrono Boost)  
  141  9:28  High Templar  
  141  9:30  Probe (Chrono Boost)  
  145  9:31  Stalker  
  145  9:34  Probe (Chrono Boost)  
  145  9:37  Probe (Chrono Boost), Pylon  
  146  9:41  High Templar  
  146  9:42  Probe (Chrono Boost)  
  146  9:45  Probe (Chrono Boost)  
  147  9:49  Probe (Chrono Boost)  
  147  9:50  Photon Cannon  
  147  9:52  High Templar  
  151  9:53  Probe (Chrono Boost), Assimilator  
  151  9:56  Probe (Chrono Boost)  
  152  10:00  Probe (Chrono Boost)  
  152  10:09  Probe (Chrono Boost), Zealot  
  152  10:10  Gateway  
  152  10:12  Probe (Chrono Boost)  
  152  10:13  Pylon  
  152  10:14  Probe (Chrono Boost)  
  153  10:15  Sentry, Photon Cannon  
  153  10:21  Probe (Chrono Boost), Nexus  
  152  10:24  Probe (Chrono Boost)  
  152  10:25  Probe (Chrono Boost)  
  152  10:28  High Templar  
  155  10:29  Photon Cannon  
  155  10:30  Photon Cannon  
  155  10:32  Probe (Chrono Boost)  
  155  10:35  Probe (Chrono Boost), Photon Cannon  
  157  10:36  High Templar  
  157  10:37  Probe (Chrono Boost), Pylon, Archon  
  157  10:40  Stalker  
  157  10:42  Archon  
  154  10:48  High Templar  
  148  10:52  Stalker, Archon  
  150  11:00  Pylon  
  150  11:01  High Templar  
  147  11:12  High Templar  
  147  11:13  Stalker  
  147  11:15  Robotics Facility  
  151  11:24  Archon  
  151  11:26  Templar Archives, Zealot  
  151  11:29  Photon Cannon  
  153  11:33  Zealot  
  153  11:34  Probe (Chrono Boost)  
  153  11:35  Gateway, Probe x3 (Chrono Boost)  
  156  11:43  Assimilator  
  156  11:45  Probe (Chrono Boost)  
  156  11:46  Probe x2 (Chrono Boost)  
  155  11:50  Pylon  
  152  11:55  Nexus  
  152  11:56  Probe (Chrono Boost), Psionic Storm  
  152  11:57  Probe x2 (Chrono Boost)  
  155  12:04  High Templar  
  155  12:05  High Templar  
  155  12:06  Observer  
  155  12:08  Probe x2 (Chrono Boost)  
  163  12:09  Probe (Chrono Boost)  
  163  12:11  Archon  
  163  12:18  High Templar  
  163  12:19  Probe x2 (Chrono Boost), Pylon  
  163  12:20  Probe (Chrono Boost)  
  168  12:29  High Templar  
  171  12:31  Probe (Chrono Boost)  
  171  12:33  Probe x2 (Chrono Boost)  
  171  12:34  Archon  
  173  12:41  High Templar  
  173  12:42  Probe (Chrono Boost), Assimilator  
  176  12:52  High Templar  
  176  12:55  Observer  
  179  13:04  Photon Cannon  
  179  13:06  Pylon  
  179  13:11  Assimilator  
  179  13:12  Photon Cannon  
  179  13:14  Photon Cannon  
  179  13:15  Adept  
  179  13:16  Photon Cannon  
  179  13:17  Probe (Chrono Boost), Photon Cannon  
  179  13:18  Probe x3 (Chrono Boost), Photon Cannon  
  179  13:20  Assimilator  
  179  13:23  Photon Cannon  
  179  13:26  Robotics Bay  
  175  13:28  Probe (Chrono Boost)  
  175  13:29  Probe (Chrono Boost)  
  175  13:30  Probe (Chrono Boost)  
  172  13:39  Probe x2 (Chrono Boost)  
  172  13:41  Probe (Chrono Boost)  
  169  13:44  Nexus  
  169  13:50  Probe (Chrono Boost)  
  169  13:52  Probe (Chrono Boost)  
  169  13:53  Probe (Chrono Boost)  
  169  13:54  Pylon  
  172  14:01  Probe (Chrono Boost)  
  174  14:03  Probe (Chrono Boost)  
  174  14:05  Probe (Chrono Boost)  
  175  14:12  Probe (Chrono Boost)  
  175  14:14  Probe (Chrono Boost)  
  175  14:16  Probe (Chrono Boost)  
  184  14:17  Archon  
  184  14:21  Archon  
  184  14:24  Probe (Chrono Boost)  
  185  14:25  Probe (Chrono Boost)  
  185  14:26  Photon Cannon  
  178  14:50  Photon Cannon  
  178  14:52  Robotics Facility  
Tags
 
Add a new tag
Caveats
  • Supply blocks, unpowered buildings, or Contaminate may cause inaccurate times.
  • Supply counts are checked every 10 seconds.